 Dungeon Crawl Stone Soup version 0.21-a0-529-g8c7b3f5 (webtiles) character file.

69 slep the Chopper (level 4, -1/23 HPs)
             Began as a Vine Stalker Gladiator on Dec 10, 2017.
             Slain by Sigmund
             ... wielding a +0 scythe
              (10 damage)
             ... on level 2 of the Dungeon.
             The game lasted 00:02:58 (970 turns).

slep the Chopper (Vine Stalker Gladiator)            Turns: 970, Time: 00:02:58

Health: -1/23      AC:  5    Str: 17    XL:     4   Next: 20%
Magic:  0/5        EV: 13    Int:  8    God:
Gold:   120        SH:  0    Dex: 16    Spells: 3/3 levels left

rFire    + . .     SeeInvis .   a - +0 war axe
rCold    . . .     Gourm    .   (no shield)
rNeg     . . .     Faith    .   b - +0 leather armour
rPois    .         Spirit   +   c - +0 helmet
rElec    .         Reflect  .   (no cloak)
rCorr    .         Harm     .   (no gloves)
MR       .....                  h - +0 pair of boots
Stlth    ++........             (no amulet)
HPRegen  0.47/turn              i - ring of protection from fire
MPRegen  0.09/turn              (no ring)

@: lethally poisoned (-1 -> -1)
A: fangs 2, regeneration 1, magic shield, antimagic bite, no potion heal 3, rot
immunity
a: no special abilities


You were on level 2 of the Dungeon.
You were not hungry.

You visited 1 branch of the dungeon, and saw 2 of its levels.

You collected 120 gold pieces.

Inventory:

Hand Weapons
 a - a +0 war axe (weapon)
Missiles
 d - 3 throwing nets (quivered)
Armour
 b - a +0 leather armour (worn)
 c - a +0 helmet (worn)
 h - a +0 pair of boots (worn)
Jewellery
 i - a ring of protection from fire (left hand)
Scrolls
 g - 6 scrolls of identify {unknown}
Potions
 e - a potion of resistance {unknown}
Comestibles
 f - a bread ration


   Skills:
 + Level 1.9 Fighting
 + Level 3.3 Axes
 + Level 2.1 Throwing
 + Level 0.5 Armour
 + Level 3.1 Dodging
 + Level 0.8 Stealth


You had 3 spell levels left.
You didn't know any spells.

Dungeon Overview and Level Annotations

Branches:
Dungeon (2/15)

Altars:
Qazlal

Annotations:
D:2 Sigmund


Innate Abilities, Weirdness & Mutations

You have extremely sharp teeth.
Your natural rate of healing is unusually fast.
When hurt, damage is shared between your health and your magic reserves.
Your bite disrupts and absorbs the magic of your enemies.
Potions cannot restore your health.
You are immune to rotting.


Message History

You feel invigorated.
The adder is moderately wounded.
You feel sick. The adder completely misses you. The adder bites you.
You slash the adder!
You kill the adder!
You feel sick.
You see here an adder corpse.
Sigmund the Dreaded comes into view.
He is wielding a scythe.
Sigmund shouts!
You feel sick.
Sigmund gestures wildly while chanting.
Sigmund flickers and vanishes!
Deactivating autopickup; reactivate with Ctrl-A.
You miss something. You bite something. Something hits you.
You barely miss something. You bite something. Something hits you.
You hit something.
You feel sick.
You hear some strange, mumbled words.
Something tries to affect you, but you resist.
You closely miss something. Your bite misses something. Something hits you!
You die...

#....#
####.##.#
#...†...#
#..♣♣♣..#
##.♣# #♣.#
#.†♣ ♣.# ####
#..♣# ♣.#
....
#...♣♣♣..#
####
#..(.@{..#
............#
###
#############
..## .... ..#
###


There were no monsters in sight!

Vanquished Creatures
  3 adders (D:2)
  A worm (D:2)
  A dart slug (D:2)
  3 bats
  A giant cockroach (D:1)
  8 goblins
  2 hobgoblins
  A ball python (D:1)
  2 frilled lizards (D:2)
  7 kobolds
  12 rats
41 creatures vanquished.

Notes
Turn   | Place    | Note
-------+----------+-------------------------------------------
     0 | D:1      | slep the Vine Stalker Gladiator began the quest for the Orb.
     0 | D:1      | Reached XP level 1. HP: 11/11 MP: 2/2
   149 | D:1      | Reached XP level 2. HP: 10/15 MP: 3/3
   648 | D:2      | Reached XP level 3. HP: 8/18 MP: 1/4
   831 | D:2      | Found a stormy altar of Qazlal.
   915 | D:2      | Gained mutation: Your natural rate of healing is unusually fast. [Vine Stalker growth]
   915 | D:2      | Reached XP level 4. HP: 23/23 MP: 5/5
   964 | D:2      | Noticed Sigmund
   970 | D:2      | Slain by Sigmund

Vault maps used:
D:1:      lightli_arrival_maybe_door_vault, minmay_misc_feat_four_crosses
D:2:      minmay_stone_trees_small, grunt_qazlal_clouds, uniq_sigmund

Skill      XL: |  1  2  3 |
---------------+----------+-----
Throwing       | 2 |  2.1
Dodging        | 3 |  3.1
Axes           | 3 |  3.3
Fighting       | |  1.9
Armour         | |  0.5
Stealth        | |  0.8

Action                   |  1- 3 |  4- 6 || total
-------------------------+-------+-------++-------
Melee: War axe           |    73 |    19 ||    92
       Bite              |    19 |     5 ||    24
 Stab: Sleeping          |     1 |     1 ||     2
Armor: Leather armour    |    18 |     3 ||    21
Dodge: Dodged            |    42 |    14 ||    56

Table legend:
 A = Spawn XP
 B = Non-spawn XP
 C = Spawn XP percentage of total XP
 D = Spawn monster count
 E = Non-spawn monster count
 F = Spawn count percentage of total count
 G = Total turns spent on level
                    A         B        C        D         E        F      G
               +---------+---------+-------+---------+---------+-------+---------
         Total |       0 |      99 |   0.0 |       0 |      41 |   0.0 |   970
               +---------+---------+-------+---------+---------+-------+---------
           D:1 |       0 |      28 |   0.0 |       0 |      18 |   0.0 |   629
           D:2 |       0 |      71 |   0.0 |       0 |      23 |   0.0 |   341
               +---------+---------+-------+---------+---------+-------+---------
